 Dungeon Crawl Stone Soup version 0.21-a0-450-gd87a9b2 (webtiles) character file.

5875 Megalobster the Cleaver (level 10, -3/92 HPs)
             Began as a Deep Dwarf Fighter on Nov 18, 2017.
             Was a Priest of Makhleb.
             Killed from afar by an oklob plant (8 damage)
             ... with a splash of acid
             ... on level 8 of the Dungeon.
             The game lasted 00:31:43 (7638 turns).

Megalobster the Cleaver (Deep Dwarf Fighter)        Turns: 7638, Time: 00:31:44

Health: -3/92      AC: -8    Str: 23    XL:     10   Next: 52%
Magic:  11/11      EV:  9    Int: 15    God:    Makhleb [***...]
Gold:   0          SH: 11    Dex: 14    Spells: 7/9 levels left

rFire    + . .     SeeInvis .   a - +0 war axe
rCold    + . .     Gourm    .   c - +0 shield
rNeg     . . .     Faith    +   v - +1 ring mail {rPois}
rPois    +         Spirit   .   y - +2 hat
rElec    .         Reflect  .   E - scarf {rC+ rF+}
rCorr    .         Harm     .   o - +0 pair of gloves
MR       +....     Clarity  +   (no boots)
Stlth    +.........             O - amulet of faith
HPRegen  0.00/turn              Z - +6 ring of intelligence
MPRegen  0.12/turn              (no ring)

@: corroded, non-regenerating
A: damage resistance, heal wounds, horns 1, talons 1, agile 1, clarity, sense
surroundings 2, no regeneration
a: Heal Wounds, Minor Destruction, Lesser Servant of Makhleb, Renounce Religion


You were on level 8 of the Dungeon.
You worshipped Makhleb.
Makhleb was most pleased with you.
You were not hungry.

You visited 2 branches of the dungeon, and saw 9 of its levels.

You collected 192 gold pieces.
You spent 192 gold pieces at shops.

Inventory:

Hand Weapons
 a - a +0 war axe (weapon)
 d - a +2 spear of piercing
 k - a +0 hunting sling
 q - a +0 mace of draining
Missiles
 l - 159 stones (quivered)
Armour
 b - a +0 scale mail
 c - a +0 shield (worn)
 o - a +0 pair of gloves (worn)
 v - a +1 ring mail of poison resistance (worn)
 y - a +2 hat (worn)
 A - a +0 cloak
 E - a scarf of resistance (worn)
Magical Staves
 n - an uncursed staff of air {unknown}
Jewellery
 O - an amulet of faith (around neck)
 Z - a +6 ring of intelligence (left hand)
Wands
 J - a wand of disintegration (19/24)
 K - a wand of flame (34/48)
 P - a wand of disintegration (8/24)
Scrolls
 e - 3 scrolls of enchant weapon
 g - 2 scrolls of identify
 h - 2 scrolls of fear {unknown}
 m - 5 scrolls of remove curse
 p - 2 scrolls of immolation {unknown}
 s - 2 scrolls of enchant armour {unknown}
 t - a scroll of amnesia {unknown}
 u - 2 scrolls of noise {unknown}
 F - 4 scrolls of teleportation
 G - a scroll of blinking {unknown}
 I - 2 scrolls of magic mapping {unknown}
Potions
 i - a potion of flight
 z - 3 potions of agility
 C - 2 potions of might
 L - 2 potions of berserk rage
 N - 2 potions of magic {unknown}
 S - 2 potions of heal wounds {unknown}
 T - 2 potions of ambrosia {unknown}
 X - 2 potions of degeneration {unknown}
 Y - a potion of haste
Books
 x - a book of Cantrips

   Spells                             Type                      Level
   a - Confusing Touch                Hexes                        1
   b - Animate Skeleton               Necromancy                   1
   c - Summon Small Mammal            Summoning                    1
   d - Apportation                    Translocation                1
 R - a book of Flames

   Spells                             Type                      Level
   a - Flame Tongue                   Conjuration/Fire             1
   b - Throw Flame                    Conjuration/Fire             2
   c - Conjure Flame                  Conjuration/Fire             3
   d - Inner Flame                    Hexes/Fire                   3
   e - Sticky Flame                   Conjuration/Fire             4
   f - Fireball                       Conjuration/Fire             5
 U - a book of Necromancy

   Spells                             Type                      Level
   a - Pain                           Necromancy                   1
   b - Animate Skeleton               Necromancy                   1
   c - Vampiric Draining              Necromancy                   3
   d - Regeneration                   Charms/Necromancy            3
   e - Animate Dead                   Necromancy                   4
   f - Control Undead                 Necromancy                   4
Comestibles
 f - 11 bread rations
 j - 2 royal jellies
 B - 3 meat rations


   Skills:
 + Level 6.3 Fighting
 * Level 10.0 Axes
 + Level 7.6 Armour
 + Level 7.7 Shields
 * Level 9.5 Invocations


You had 7 spell levels left.
You knew the following spells:

 Your Spells              Type           Power        Failure   Level  Hunger
a - Animate Skeleton      Necr           N/A          71%         1    ##.....
b - Apportation           Tloc           #.....       71%         1    ##.....


Dungeon Overview and Level Annotations

Branches:
Dungeon (8/15)             Temple (1/1) D:4
   Lair: D:8-11

Altars:
Ashenzari
Cheibriados
Dithmenos
Elyvilon
Fedhas
Gozag
Hepliaklqana
Kikubaaqudgha
Makhleb
Nemelex Xobeh
Okawaru
Qazlal
Ru
Sif Muna
Trog
Uskayaw
Vehumet
Wu Jian
Xom
Yredelemnul
Zin
The Shining One

Shops:
D:5 [   D:6 ((

Annotations:
D:5 2 transporters
D:8 exclusion: 2 oklob plants, Maurice, Pikel


Innate Abilities, Weirdness & Mutations

You are resistant to damage.
You can heal yourself by infusing magical energy.
You passively map the area around you.
You do not regenerate.
You have a pair of small horns on your head.
You have sharp toenails.
You are agile. (Dex +2)
You possess an exceptional clarity of mind.


Message History

* * * LOW HITPOINT WARNING * * *
The acid corrodes you!
You are splashed with acid!
The acid burns!
* * * LOW HITPOINT WARNING * * *
Your magical essence is drained by the effort!
You feel much better. The oklob plant spits acid at you.
The splash of acid hits you!
* * * LOW HITPOINT WARNING * * *
The acid corrodes you!
You are splashed with acid!
The acid burns!
* * * LOW HITPOINT WARNING * * *
Your magical essence is drained by the effort!
You feel much better. The oklob plant spits acid at you.
The splash of acid hits you!
* * * LOW HITPOINT WARNING * * *
The acid corrodes you!
You are splashed with acid!
The acid burns!
* * * LOW HITPOINT WARNING * * *
The oklob plant spits acid at you. The splash of acid hits you!
You die...

###..........................
###............................
###............).................
#..............).................
.............♣♣♣♣♣♣♣♣♣♣..........
............♣♣♣♣♣♣♣♣♣.♣♣.........
............♣♣♣%$P♣♣.♣.♣.........
.....).)....♣♣%_%♣ ♣♣.♣♣.........
.....<[.....♣♣$%@♣♣♣.♣.♣.........
.....)).....♣♣P♣..♣.♣♣.♣.........
............♣♣♣♣♣♣.♣.♣♣..........
............♣♣ ♣♣.♣♣♣♣.........
.............♣♣♣♣♣♣♣♣♣♣..........
.................................
.................................
.................................
.................................


You could see 2 oklob plants.

Vanquished Creatures
  The ghost of Typee the Thaumaturge, a journeyman GnWn of Elyvilon (D:8)
  Psyche (D:8)
  The ghost of Salmacis the Chopper, an amateur HOFi of Elyvilon (D:4)
  Prince Ribbit (D:6)
  A hippogriff (D:7)
  A spriggan (D:7)
  6 yaks (D:5)
  A wyvern (D:8)
  A hungry ghost (D:7)
  A water moccasin (D:8)
  An orc warrior (D:7)
  A slave (D:7)
  A black bear (D:6)
  A sky beast (D:8)
  3 ice beasts
  3 ogres
  2 phantoms (D:5)
  A necrophage (D:5)
  3 centaurs (D:7)
  A gnoll sergeant (D:5)
  Blork the orc (D:4)
  2 bullfrogs
  A wyvern skeleton (D:6)
  4 scorpions
  A howler monkey (D:4)
  3 crimson imps
  2 orc priests
  A centaur skeleton (D:6)
  A centaur zombie (D:5)
  Crazy Yiuf (D:2)
  A hound (D:5)
  6 orc wizards
  2 jellies
  9 worker ants
  A hound zombie (D:8)
  A hound skeleton (D:7)
  A howler monkey zombie (D:8)
  A worker ant zombie (D:6)
  Robin (D:2)
  12 adders
  4 gnolls (D:5)
  A shadow imp (D:6)
  An ooze (D:4)
  3 adder skeletons
  3 worms
  A dart slug (D:2)
  5 leopard geckos
  29 orcs
  4 giant cockroaches
  15 goblins
  8 hobgoblins
  4 jackals (D:2)
  7 kobolds
  6 quokkas
  6 frilled lizards
  A leopard gecko skeleton (D:6)
  A quokka skeleton (D:4)
  9 rats
192 creatures vanquished.

Notes
Turn   | Place    | Note
-------+----------+-------------------------------------------
     0 | D:1      | Megalobster the Deep Dwarf Fighter began the quest for the Orb.
     0 | D:1      | Reached XP level 1. HP: 20/20 MP: 1/1
     6 | D:1      | Noticed a black bear
     6 | D:1      | Noticed a hog
     6 | D:1      | Noticed a rime drake
     7 | D:1      | Noticed a lindwurm
     7 | D:1      | Noticed a water moccasin
   169 | D:1      | Found a shattered altar of Ashenzari.
   548 | D:1      | Reached XP level 2. HP: 22/27 MP: 2/2
   780 | D:2      | Reached skill level 3 in Axes
   783 | D:2      | Reached XP level 3. HP: 25/33 MP: 3/3
   850 | D:2      | Noticed Robin
   858 | D:2      | Killed Robin
  1146 | D:2      | Reached XP level 4. HP: 22/42 MP: 4/4
  1305 | D:2      | Learned a level 1 spell: Animate Skeleton
  1307 | D:2      | Learned a level 1 spell: Apportation
  1511 | D:2      | Found a basalt altar of Yredelemnul.
  1625 | D:2      | Found a runed door.
  1892 | D:2      | Noticed Crazy Yiuf
  1905 | D:2      | Killed Crazy Yiuf
  1905 | D:2      | Reached skill level 4 in Axes
  1998 | D:3      | Reached XP level 5. HP: 49/49 MP: 5/5
  2355 | D:3      | Reached XP level 6. HP: 30/56 MP: 6/6
  2750 | D:4      | Noticed Salmacis's ghost (amateur HOFi)
  2765 | D:4      | Killed Salmacis's ghost
  2765 | D:4      | Reached skill level 5 in Axes
  2765 | D:4      | Reached XP level 7. HP: 45/64 MP: 1/7
  2834 | D:4      | Found a shadowy altar of Dithmenos.
  2834 | D:4      | Found a hide-covered altar of Uskayaw.
  2834 | D:4      | Found a radiant altar of Vehumet.
  2834 | D:4      | Found an iron altar of Okawaru.
  2834 | D:4      | Found a glowing silver altar of Zin.
  2835 | D:4      | Found an opulent altar of Gozag.
  2835 | D:4      | Found a shimmering altar of Xom.
  2849 | D:4      | Reached skill level 5 in Armour
  2849 | D:4      | Reached skill level 5 in Shields
  2902 | D:4      | Found a staircase to the Ecumenical Temple.
  2914 | Temple   | Entered the Ecumenical Temple
  2972 | Temple   | Became a worshipper of Makhleb the Destroyer
  3223 | D:4      | Reached skill level 6 in Axes
  3223 | D:4      | Reached skill level 1 in Invocations
  3371 | D:4      | Noticed Blork the orc
  3377 | D:4      | Killed Blork the orc
  3596 | D:5      | Entered Level 5 of the Dungeon
  3660 | D:5      | Reached XP level 8. HP: 29/73 MP: 9/9
  3764 | D:5      | Found Toumuk's Antique Armour Shoppe.
  4016 | D:5      | Reached skill level 7 in Axes
  4213 | D:5      | Found a transporter.
  4216 | D:5      | Noticed a kobold demonologist
  4231 | D:5      | Found a transporter.
  4607 | D:5      | Gained mutation: You are agile. (Dex +2) [potion of mutation]
  4607 | D:5      | Gained mutation: You possess an exceptional clarity of mind. [potion of mutation]
  4607 | D:5      | Gained mutation: You have sharp toenails. [potion of mutation]
  4607 | D:5      | Gained mutation: You have a pair of small horns on your head. [potion of mutation]
  4607 | D:5      | HP: 1/73 [yak (10)]
  4628 | D:5      | Reached skill level 5 in Invocations
  4637 | D:5      | Reached * piety under Makhleb
  4637 | D:5      | Reached skill level 5 in Fighting
  4650 | D:5      | Gained mutation: You passively map the area around you. [Deep Dwarf growth]
  4650 | D:5      | Reached XP level 9. HP: 30/81 MP: 11/11
  4651 | D:5      | Reached skill level 8 in Axes
  4684 | D:5      | Found a radiant altar of Vehumet.
  4819 | D:5      | Bought an embroidered scarf for 192 gold pieces
  4894 | D:6      | Found Kaniwy's Weapon Emporium.
  4966 | D:6      | Noticed Prince Ribbit
  4969 | D:6      | Killed Prince Ribbit
  5149 | D:6      | Reached ** piety under Makhleb
  5316 | D:6      | Found Toawav's Weapon Shop.
  5766 | D:7      | Reached skill level 9 in Axes
  5998 | D:7      | Found a stormy altar of Qazlal.
  6036 | D:7      | Reached XP level 10. HP: 61/91 MP: 14/14
  6592 | D:8      | Noticed Typee's ghost (journeyman GnWn)
  6613 | D:8      | Killed Typee's ghost
  6723 | D:8      | Noticed Pikel
  6992 | D:8      | Reached *** piety under Makhleb
  6994 | D:8      | Noticed Psyche
  7001 | D:8      | Killed Psyche
  7001 | D:8      | Reached skill level 10 in Axes
  7333 | D:8      | Noticed Maurice
  7620 | D:8      | Found a blossoming altar of Fedhas.
  7622 | D:8      | Noticed an oklob plant
  7622 | D:8      | Noticed an oklob plant
  7638 | D:8      | Killed from afar by an oklob plant

Vault maps used:
D:1:      onia_arrival_zoo_common, evilmike_ruin_ashenzari
D:2:      marbit_many_paths, st_stairs_8, uniq_crazy_yiuf_cottage, uniq_robin
D:3:      hex_large
D:4:      grunt_temple_overflow_open, minmay_temple_entry_glassed_door,
          first_bread, kennysheep_generic_room_15, uniq_blork_the_orc
D:5:      gammafunk_wand_slinger, serial_shops, shop, basic_altar,
          lightli_minifort
D:6:      cheibrodos_barr_body, serial_shops, shop, shop, uniq_prince_ribbit1
D:7:      the_bakery, nicolae_qazlal_style_of_elements
D:8:      hangedman_tree_tricks, uniq_maurice, uniq_psyche, uniq_pikel
Temple:   eino_temple_water

Skill      XL: |  1  2  3  4  5  6  7  8  9 10 |
---------------+-------------------------------+-----
Axes           | 3 4 5 6 7 9 10 | 10.0
Fighting       | 3 4 5 6 |  6.3
Armour         | 4 5 6 7 |  7.6
Shields        | 4 5 6 7 |  7.7
Invocations    | 3 6 8 9 |  9.5

Action                   |  1- 3 |  4- 6 |  7- 9 | 10-12 || total
-------------------------+-------+-------+-------+-------++-------
Melee: War axe           |   121 |   196 |   337 |   133 ||   787
       Kick              |       |       |    63 |    39 ||   102
       Headbutt          |       |       |    42 |    22 ||    64
Throw: Stone             |       |     3 |       |     4 ||     7
Invok: Minor Destruction |       |       |       |     4 ||     4
 Abil: Heal Wounds       |       |     6 |    12 |     9 ||    27
  Use: Potion            |       |     2 |     5 |     1 ||     8
       Scroll            |       |       |     7 |       ||     7
  Eat: Chunk             |     1 |     6 |     9 |     3 ||    19
       Meat ration       |       |       |     1 |       ||     1
       Royal jelly       |       |       |       |     1 ||     1
Armor: Scale mail        |    58 |    17 |       |       ||    75
       Ring mail         |       |    94 |   130 |    26 ||   250
Dodge: Dodged            |    51 |    52 |    94 |    35 ||   232
Block: Shield            |    72 |   111 |   173 |    50 ||   406

Table legend:
 A = Spawn XP
 B = Non-spawn XP
 C = Spawn XP percentage of total XP
 D = Spawn monster count
 E = Non-spawn monster count
 F = Spawn count percentage of total count
 G = Total turns spent on level
                    A         B        C        D         E        F      G
               +---------+---------+-------+---------+---------+-------+---------
         Total |       0 |    8394 |   0.0 |       0 |     191 |   0.0 |  7638
               +---------+---------+-------+---------+---------+-------+---------
           D:1 |       0 |      12 |   0.0 |       0 |       9 |   0.0 |   768
           D:2 |       0 |     171 |   0.0 |       0 |      40 |   0.0 |  1224
           D:3 |       0 |     219 |   0.0 |       0 |      36 |   0.0 |   721
           D:4 |       0 |     971 |   0.0 |       0 |      15 |   0.0 |   669
           D:5 |       0 |    1990 |   0.0 |       0 |      24 |   0.0 |  1271
           D:6 |       0 |    1190 |   0.0 |       0 |      23 |   0.0 |   690
           D:7 |       0 |    1370 |   0.0 |       0 |      18 |   0.0 |  1113
           D:8 |       0 |    2471 |   0.0 |       0 |      26 |   0.0 |   961
               +---------+---------+-------+---------+---------+-------+---------
